 Dungeon Crawl Stone Soup version 0.26-a0-652-gafc20e3620 (webtiles) character file.

Game seed: 18324100348929187470

1402 looop the Destroyer (level 8, -8/54 HPs)
             Began as an Octopode Conjurer on Oct 3, 2020.
             Was an Initiate of Gozag.
             Killed from afar by Maggie (28 damage)
             ... with a bolt of fire
             ... on level 7 of the Dungeon.
             The game lasted 00:12:25 (8501 turns).

looop the Destroyer (Octopode Conjurer)             Turns: 8501, Time: 00:12:26

Health: -8/54      AC:  1    Str:  6    XL:     8   Next: 69%
Magic:  0/15       EV: 12    Int: 23    God:    Gozag
Gold:   518        SH:  3    Dex: 10    Spells: 2/16 levels left

rFire    . . .     SeeInvis .   C - +2 rapier (speed)
rCold    . . .     Faith    .   m - +0 buckler
rNeg     . . .     Spirit   +   (helmet restricted)
rPois    .         Reflect  .   A - amulet of guardian spirit
rElec    .         Harm     .   (no ring)
rCorr    .         Rampage  .   (no ring)
MR       .....                  (no ring)
Stlth    +++.......             (no ring)
HPRegen  0.18/turn              (no ring)
MPRegen  0.14/turn              (no ring)
                                (no ring)
                                (no ring)

@: mighty, mesmerised
A: almost no armour, stealthy swim, amphibious, 8 rings, constrict 8, camouflage
1, gelatinous body 1
a: Potion Petition, Call Merchant, Bribe Branch, Renounce Religion


You were on level 7 of the Dungeon.
You worshipped Gozag.
Gozag was pleased with you.
You visited 2 branches of the dungeon, and saw 8 of its levels.
You also visited: Ossuary.

You collected 589 gold pieces.
You paid 71 gold pieces to Gozag.

Inventory:

Hand Weapons
 n - a +1 war axe of venom
 C - a +2 rapier of speed (weapon)
Missiles
 l - 16 boomerangs
 o - 6 atropa-tipped darts
 w - 3 javelins (quivered)
Armour
 m - a +0 buckler (worn)
Jewellery
 A - an amulet of guardian spirit (around mantle)
Scrolls
 a - a scroll of enchant weapon
 b - 10 scrolls of remove curse
 d - 3 scrolls of teleportation {unknown}
 g - a scroll of amnesia
 k - a scroll of blinking {unknown}
 p - 5 scrolls of immolation {unknown}
 r - 4 scrolls of random uselessness {unknown}
 v - a scroll of vulnerability
 y - 2 scrolls of enchant armour
Potions
 c - 2 potions of stabbing
 e - 5 potions of curing
 f - 2 potions of might
 h - a potion of resistance {unknown}
 i - 3 potions of haste
 j - 6 potions of invisibility
 q - a potion of ambrosia {unknown}
 s - 5 potions of degeneration {unknown}
 t - a potion of lignification {unknown}
 u - a potion of magic {unknown}
 x - 3 potions of flight {unknown}
 z - 2 potions of mutation
 B - a potion of heal wounds {unknown}


   Skills:
 + Level 3.9 Fighting
 - Level 2.0 Dodging
 - Level 2.6 Stealth
 + Level 1.6 Shields
 + Level 4.7 Spellcasting
 * Level 8.0 Conjurations
 + Level 3.0 Hexes
 - Level 2.1 Translocations


You had 2 spell levels left.
You knew the following spells:

 Your Spells              Type           Power        Failure   Level
a - Magic Dart            Conj           ####         1%          1
b - Searing Ray           Conj           #####.       1%          2
c - Dazzling Flash        Conj/Hex       ####..       4%          3
d - Fulminant Prism       Conj/Hex       ####......   14%         4
e - Iskenderun's Mystic   Conj/Tloc      ####....     16%         4

Your spell library contained the following spells:

 Spells                   Type           Power        Failure   Level
 Confusing Touch          Hex            ###.....     12%         3
 Gell's Gravitas          Tloc           ###.......   17%         3
 Petrify                  Tmut/Erth      #.......     78%         4
 Metabolic Englaciation   Hex/Ice        ##........   89%         5
 Yara's Violent Unravell  Hex/Tmut       ##........   89%         5


Dungeon Overview and Level Annotations

Branches:
Dungeon (7/15)             Temple (1/1) D:5         Ossuary (visited)

Altars:
Dithmenos
Elyvilon
Fedhas
Gozag
Hepliaklqana
Kikubaaqudgha
Makhleb
Nemelex Xobeh
Okawaru
Qazlal
Ru
Sif Muna
Trog
Uskayaw
Vehumet
Wu Jian
Xom
Yredelemnul
Zin
The Shining One

Shops:
D:4 *

Annotations:
D:7 3 runed translucent doors, Maggie


Innate Abilities, Weirdness & Mutations

You cannot wear most types of armour.
You are very stealthy in the water. (Stealth+)
You are amphibious.
You can wear up to eight rings at the same time.
You can use your tentacles to constrict eight enemies at once.
Your skin changes colour to match your surroundings (Stealth+).
Your rubbery body absorbs attacks. (AC +1, EV +1)


Message History

You throw a javelin. The javelin pierces through Maggie.
Maggie is almost dead.
The javelin misses the quasit.
Maggie says, "Did Master Lance send you?"
You block Maggie's attack.
Maggie hits you from afar with the +9 lance "Wyrmbane" {slay drac, rPois rF+ rC+ AC+3}.
Throwing (i - inventory. (/) - cycle)
w - 4 javelins (quivered)
Press: ? - help, Shift-Dir - straight line, f/p - quasit
Aim: a quasit You throw a javelin.
The javelin closely misses Maggie.
The javelin pierces through the quasit but does no damage.
Maggie hits you from afar with the +9 lance "Wyrmbane" {slay drac, rPois rF+ rC+ AC+3}!
A worker ant zombie comes into view.
Okay, then.
You feel very mighty all of a sudden. Maggie gestures at you while chanting.
The bolt of fire hits you!!
Ouch! That really hurt!
You die...
Your body crumbles into a pile of gold.

#.#o#..##..# ....#.## #..
.##. .. .# .... .$#(#
.......(. #......5. $
.#.....#@# . ....
......#.### # . ...
##.....@..# #. #. ...
#.....#.#.######.##. #..
##Z###...............##.#
.. #..#####..####...#.#
##. ##.##...# ##..# #...#
#..##..#.5.. ..... #...
##.....##..# ..Z.. #...
#......#..# #..##..#
###......#..# #..#...#


You could see Maggie (mesmerising), a quasit and a worker ant zombie
(wandering).

Vanquished Creatures
  An ice beast (D:5)
  An ogre (D:6)
  2 centaurs
  2 bullfrogs (D:6)
  2 scorpions
  A wight (D:6)
  A centaur zombie (Ossuary)
  A jelly (D:5)
  An orc priest (D:5)
  A gnoll shaman (D:4)
  2 hounds (D:6)
  A bullfrog skeleton (D:5)
  An iguana (D:7)
  4 worker ants
  3 orc wizards
  A big kobold zombie (Ossuary)
  A hound zombie (D:5)
  4 mummies (Ossuary)
  9 adders
  8 gnolls
  A shadow imp (D:5)
  2 white imps
  An ufetubus (D:6)
  An ooze (D:4)
  2 worms
  4 leopard geckos
  18 orcs
  3 giant cockroaches
  6 hobgoblins
  14 jackals
  7 quokkas
  2 ball pythons
  5 bats
  6 frilled lizards
  4 goblins
  3 hobgoblin zombies (Ossuary)
  5 kobolds
  A kobold zombie (Ossuary)
  2 orc zombies (Ossuary)
  A quokka skeleton (D:4)
  8 rats
143 creatures vanquished.

Vanquished Creatures (others)
  2 fulminant prisms (D:7)
  6 plants (D:1)
8 creatures vanquished.

Grand Total: 151 creatures vanquished

Notes
Turn   | Place    | Note
-------+----------+-------------------------------------------
     0 | D:1      | looop the Octopode Conjurer began the quest for the Orb.
     0 | D:1      | Reached XP level 1. HP: 11/11 MP: 3/3
   368 | D:1      | Reached XP level 2. HP: 17/17 MP: 0/5
   372 | D:1      | Learned a level 2 spell: Searing Ray
  1142 | D:1      | Reached XP level 3. HP: 21/21 MP: 4/6
  1518 | D:1      | Learned a level 3 spell: Dazzling Flash
  1532 | D:2      | Noticed a +0 dagger
  1532 | D:2      | Noticed a +0 hand axe
  1533 | D:2      | Found a hide-covered altar of Uskayaw.
  1812 | D:2      | Reached skill level 5 in Conjurations
  1948 | D:2      | Reached XP level 4. HP: 27/27 MP: 4/8
  2929 | D:3      | Reached XP level 5. HP: 32/32 MP: 5/9
  3011 | D:3      | Reached skill level 1 in Fighting
  3208 | D:3      | Learned a level 4 spell: Fulminant Prism
  3697 | D:4      | Found a glowing silver altar of Zin.
  3850 | D:4      | Found a blossoming altar of Fedhas.
  3942 | D:4      | Reached skill level 1 in Hexes
  3943 | D:4      | Reached XP level 6. HP: 38/38 MP: 4/11
  4121 | D:4      | Found Noediorch's Assorted Antiques.
  4148 | D:4      | Reached skill level 6 in Conjurations
  4424 | D:5      | Entered Level 5 of the Dungeon
  4552 | D:5      | Found a sand-covered staircase.
  4561 | Ossuary  | Entered an ossuary
  5031 | Ossuary  | Reached XP level 7. HP: 40/45 MP: 12/12
  5095 | D:5      | Found an ornate altar of the Wu Jian Council.
  5433 | D:5      | Found a staircase to the Ecumenical Temple.
  5506 | Temple   | Entered the Ecumenical Temple
  5738 | Temple   | Became a worshipper of Gozag Ym Sagoz the Greedy
  6004 | D:5      | Found a sparkling altar of Nemelex Xobeh.
  6135 | D:5      | Found a white marble altar of Elyvilon.
  6136 | D:5      | Found a glowing golden altar of the Shining One.
  6216 | D:5      | Found a shimmering altar of Xom.
  6345 | D:5      | Found a shadowy altar of Dithmenos.
  6386 | D:5      | Reached skill level 7 in Conjurations
  6612 | D:5      | Learned a level 4 spell: Iskenderun's Mystic Blast
  6880 | D:6      | Reached XP level 8. HP: 17/52 MP: 9/14
  7159 | D:6      | Reached skill level 1 in Translocations
  7476 | D:6      | Reached skill level 1 in Shields
  7516 | D:6      | Found a bloodstained altar of Trog.
  8296 | D:7      | Noticed Maggie
  8421 | D:7      | Reached skill level 8 in Conjurations
  8455 | D:7      | Found a runed translucent gate.
  8455 | D:7      | Found a runed translucent gate.
  8455 | D:7      | Found a runed translucent gate.
  8501 | D:7      | Killed from afar by Maggie

Illustrated notes

Levels and vault maps discovered:
D:1:      nicolae_arrival_washed_ashore, layout_basic, serial_forest,
          infiniplex_forest_clump_curved, infiniplex_forest_clump_small,
          infiniplex_forest_straight_2, infiniplex_forest_3_way,
          infiniplex_forest_side_room, infiniplex_forest_clump_tiny, hex_tiny,
          serial_bayou_pond_c, minivault_11
D:2:      layout_basic, dancing_weapons_uskayaw, kennysheep_generic_room_5
D:3:      layout_rooms, minivault_25, minmay_misc_feat_encased,
          skrybe_limestone_x
D:4:      layout_loops_ring, overflow_temple_1_default, zin_academy,
          serial_shops, shop
D:5:      layout_basic, lemuel_doored_altar,
          chequers_temple_overflow_statue_of_worship,
          nicolae_overflow_crystal_walls, minmay_temple_entry_glassed_door,
          basic_altar, nicolae_ossuary_entry_monument, minmay_misc_feat_iff,
          dk_noncrumbling_3, brannock_xom_greatest_gift
D:6:      kb_forest_paths, layout_basic, bloody_trog
D:7:      layout_rooms, gammafunk_ghost_icy, uniq_maggie
Temple:   hc_temple_tempest_star

Skill      XL: |  1  2  3  4  5  6  7  8 |
---------------+-------------------------+-----
Conjurations   | 5 6 7 8 |  8.0
Spellcasting   | 3 4 |  4.7
Fighting       | 1 2 3 |  3.9
Hexes          | 1 2 3 |  3.0
Translocations | 2 |  2.1
Shields        | 1 |  1.6
Dodging        | |  2.0
Stealth        | |  2.6

Action                   |  1- 3 |  4- 6 |  7- 9 || total
-------------------------+-------+-------+-------++-------
Melee: Dagger            |    34 |       |       ||    34
       Constrict         |     6 |    11 |    15 ||    32
       Tentacles         |     4 |     9 |     4 ||    17
       Trident           |       |    19 |       ||    19
       War axe           |       |    24 |    47 ||    71
Throw: Javelin           |       |       |     3 ||     3
 Cast: Magic Dart        |    43 |    31 |    14 ||    88
       Searing Ray       |     5 |    19 |    22 ||    46
       Fulminant Prism   |       |       |     2 ||     2
  Use: Scroll            |       |     5 |     7 ||    12
       Potion            |       |       |     1 ||     1
 Stab: Sleeping          |       |     4 |       ||     4
Armor: Skin              |     4 |     3 |     2 ||     9
Dodge: Dodged            |    22 |    36 |    34 ||    92
Block: Buckler           |       |     2 |    14 ||    16

Table legend: (Time is in decaauts)
 A = Elapsed time spent in this place.
 B = Non-inter-level travel time spent in this place.
 C = Inter-level travel time spent in this place.
 D = Time resting spent in this place.
 E = Time spent auto-exploring this place.
 F = Levels seen in this place.
 G = Mean time per level.
                   A        B        C        D        E       F      G
               +--------+--------+--------+--------+--------+-----+--------+
         Total |   8542 |   8256 |    286 |    887 |   6359 |   9 |  949.1 |
       Dungeon |   7756 |   7508 |    248 |    736 |   5865 |   7 | 1108.0 |
        Temple |    250 |    213 |     37 |      0 |    207 |   1 |  250.0 |
       Ossuary |    535 |    535 |      0 |    151 |    287 |   1 |  535.0 |
               +--------+--------+--------+--------+--------+-----+--------+

Top non-repeatable levels by time:
     D:5: 1661 daAuts
     D:1: 1530 daAuts
     D:6: 1528 daAuts
     D:2: 1246 daAuts
     D:3: 910 daAuts
     D:4: 741 daAuts
 Ossuary: 535 daAuts
  Temple: 250 daAuts
     D:7: 138 daAuts
